 Dungeon Crawl Stone Soup version 0.31-a0-859-g9dce7d3444 (webtiles) character file.

Game seed: 3921869843419574744

103 Dirtsage the Ruffian (level 4, -2/29 HPs)
             Began as an Octopode Shapeshifter on Oct 9, 2023.
             Slain by an orc wizard
             ... wielding a +0 dagger
              (5 damage)
             ... on level 2 of the Dungeon.
             The game lasted 00:03:27 (1387 turns).

Dirtsage the Ruffian (Octopode Shapeshifter)        Turns: 1387, Time: 00:03:27

Health: -2/29      AC:  1    Str: 15    XL:     4   Next: 79%
Magic:  4/4        EV: 13    Int: 12    God:
Gold:   139        SH:  0    Dex: 11    Spells: 3/3 levels left

rFire   . .          .
                       - Unarmed
rCold   . . .        (no shield)
rNeg    . . .        (helmet currently unavailable)
rPois   .            (no amulet)
rElec   .            (no ring)
rCorr   .            (no ring)
SInv    .            (no ring)
Will    .....        (no ring)
Stlth   +            (no ring)
HPRegen 0.24/turn    (no ring)
MPRegen 0.09/turn    (no ring)
                     (no ring)

%: no passive effects
@: beast-form, silenced
A: beast (slay +2), almost no armour, amphibious, 8 rings, camouflage 1,
gelatinous body 1, (nimble swimmer 1), tentacles
a: Begin Untransformation


You were on level 2 of the Dungeon.
You were a hulking beast.
You visited 1 branch of the dungeon, and saw 3 of its levels.

You collected 163 gold pieces.
You spent 24 gold pieces at shops.

Inventory:

Talismans
 b - a beast talisman (active)
 c - a flux talisman
Scrolls
 f - a scroll of revelation
 g - a scroll of vulnerability {unknown}
 t - 2 scrolls of teleportation
Potions
 a - 2 potions of lignification
 e - 2 potions of enlightenment
 l - a potion of heal wounds


   Skills:
 + Level 2.0 Fighting
 - Level 2.0 Dodging
 * Level 4.1 Unarmed Combat
 * Level 3.9 Shapeshifting


You had 3 spell levels left.
You didn't know any spells.
Your spell library was empty.

Dungeon Overview and Level Annotations

Branches:
Dungeon (3/15)

Altars:
Cheibriados

Shops:
D:2 *


Innate Abilities, Weirdness & Mutations

You are a hulking beast.
Your limbs bulge with bestial killing power. (Slay +2)
You cannot wear most types of armour.
You are amphibious.
You can wear up to eight rings at the same time.
Your skin changes colour to match your surroundings (Stealth+).
Your rubbery body absorbs attacks. (AC +1, EV +1)
((You are camouflaged when in or above water. (Stealth+)))
You have tentacles for arms and can constrict up to eight enemies at once.


Message History

A profound silence engulfs you.
The orc wizard hits you with a +0 dagger.
You take 4 damage, and have 25/29 hp.
You tentacle-slap the orc wizard but do no damage.
Your grab misses the orc wizard. Your squeeze misses the orc wizard.
The orc wizard is severely wounded.
The orc wizard hits you with a +0 dagger.
The orc wizard misses you.
A frilled lizard comes into view.
You take 2 damage, and have 23/29 hp.
You tentacle-slap the orc wizard. You grab the orc wizard.
The orc wizard is almost dead.
You constrict the orc wizard.
The orc wizard hits you with a +0 dagger. x2
You take 4 damage, and have 19/29 hp.
You tentacle-slap the orc wizard.
You kill the orc wizard!
The orc wizard hits you with a +0 dagger.
The orc closely misses you.
Your Fighting skill increases to level 2!
Your Unarmed Combat skill increases to level 4!
You take 1 damage, and have 18/29 hp.
You bludgeon the orc wizard! Your grab misses the orc wizard.
The orc wizard is heavily wounded.
The jackal closely misses you. The orc wizard barely misses you.
The orc closely misses you. x2
The jackal bites you.
The orc wizard hits you with a +0 dagger.
The orc closely misses you. The orc completely misses you.
The jackal misses you.
You climb upwards.
There is a stone staircase leading down here.
You take 6 damage, and have 12/29 hp.
MASSIVE DAMAGE!!
You tentacle-slap the orc wizard. Your grab misses the orc wizard.
Your squeeze misses the orc wizard.
The orc wizard is severely wounded.
The orc hits you with a +0 flail!
* * * LOW HITPOINT WARNING * * *
The orc wizard hits you with a +0 dagger.
You die...

#...# #.............###....
#...####...............#....
#......................'....
#......................#####
#...........########...####.
#...........###...........#.
#...........'...............
#.........o.##..............
#..........hh...............
#...#...#.oo................
#####..................#....
###...............#####...
#.........................
#....................)....
#......................#'#
#######...............###..
#....####.................#


You could see an orc wizard, 2 orcs and a jackal.

Vanquished Creatures
  An orc wizard (D:3)
  3 adders (D:2)
  A worm (D:2)
  A dart slug (D:2)
  4 bats (D:1)
  5 endoplasms
  A giant cockroach (D:1)
  3 goblins
  2 hobgoblins (D:2)
  3 jackals (D:2)
  6 kobolds
  2 quokkas (D:1)
  6 ball pythons
  5 frilled lizards (D:1)
  A rat (D:1)
44 creatures vanquished.

Notes
Turn   | Place    | Note
-------+----------+-------------------------------------------
     0 | D:1      | Dirtsage the Octopode Shapeshifter began the quest for the
                  | Orb.
     0 | D:1      | Reached XP level 1. HP: 13/13 MP: 1/1
   181 | D:1      | Reached XP level 2. HP: 18/18 MP: 2/2
   251 | D:1      | Found a faded altar of an unknown god.
   485 | D:1      | Reached XP level 3. HP: 23/23 MP: 3/3
   653 | D:2      | Found Veidehen's General Store.
   668 | D:2      | Bought a scroll of identify for 24 gold pieces
   755 | D:2      | Found a snail-covered altar of Cheibriados.
   954 | D:2      | Reached XP level 4. HP: 27/29 MP: 4/4
  1384 | D:3      | Reached skill level 4 in Unarmed Combat
  1387 | D:2      | Slain by an orc wizard

Illustrated notes

Levels and vault maps discovered:
D:1:      dpeg_arrival_orchard, layout_loops_cross,
          shapermc_ecumenical_altar_venn, chequers_serial_rivers_micro_d
D:2:      layout_basic, serial_shops, shop, basic_altar
D:3:      layout_basic, st_stairs_4

Skill      XL: |  1  2  3  4 |
---------------+-------------+-----
Fighting       | 2 |  2.0
Unarmed Combat | 4 |  4.1
Dodging        | |  2.0
Shapeshifting  | |  3.9

Action                     |  1- 3 |  4- 6 || total
---------------------------+-------+-------++-------
  Melee: Unarmed           |    65 |    20 ||    85
         Constrict         |    16 |     4 ||    20
         Tentacles         |     8 |     4 ||    12
         Punch             |     1 |       ||     1
    Use: Scroll            |     4 |     2 ||     6
         Potion            |     1 |       ||     1
   Stab: Sleeping          |     8 |       ||     8
 Armour: Skin              |    25 |    18 ||    43
  Dodge: Dodged            |    28 |    13 ||    41

Table legend: (Time is in decaauts)
 A = Elapsed time spent in this place.
 B = Non-inter-level travel time spent in this place.
 C = Inter-level travel time spent in this place.
 D = Time resting spent in this place.
 E = Time spent auto-exploring this place.
 F = Levels seen in this place.
 G = Mean time per level.
                   A        B        C        D        E       F      G
               +--------+--------+--------+--------+--------+-----+--------+
         Total |   1381 |   1354 |     27 |      0 |   1103 |   3 |  460.3 |
       Dungeon |   1381 |   1354 |     27 |      0 |   1103 |   3 |  460.3 |
               +--------+--------+--------+--------+--------+-----+--------+

Top non-repeatable levels by time:
     D:2: 761 daAuts
     D:1: 612 daAuts
     D:3: 7 daAuts
